 Dungeon Crawl Stone Soup version 0.27-a0-1278-g6cbc8dfb29 (webtiles) character file.

Game seed: 575730590337839666

271 deletemesenpai the Chopper (level 6, 0/53 HPs)
             Began as a Hill Orc Fighter on June 12, 2021.
             Was an Initiate of Beogh.
             Slain by a wyvern (3 damage)
             ... on level 5 of the Dungeon.
             The game lasted 00:10:18 (4853 turns).

deletemesenpai the Chopper (Hill Orc Fighter)       Turns: 4853, Time: 00:10:18

Health: 0/53       AC: 10    Str: 21    XL:     6   Next: 23%
Magic:  6/6        EV:  5    Int:  8    God:    Beogh [......]
Gold:   164        SH:  9    Dex: 10    Spells: 5/5 levels left

rFire    + . .     SeeInvis .   t - +2 hand axe (vorpal)
rCold    . . .     Faith    .   c - +0 kite shield
rNeg     . . .     Spirit   .   r - +0 chain mail
rPois    +         Reflect  .   (no helmet)
rElec    .         Harm     .   (no cloak)
rCorr    .         Rampage  .   p - +0 pair of gloves
Will     .....                  (no boots)
Stlth    ..........             (no amulet)
HPRegen  0.17/turn              v - ring of poison resistance
MPRegen  0.10/turn              q - ring of protection from fire

@: hasted, very quick
A: no striking features
a: Renounce Religion


You were on level 5 of the Dungeon.
You worshipped Beogh.
Beogh was noncommittal.
You visited 1 branch of the dungeon, and saw 5 of its levels.

You collected 164 gold pieces.

Inventory:

Hand Weapons
 n - a +0 vampiric whip
 t - a +2 vorpal hand axe (weapon)
Missiles
 u - 5 boomerangs
 w - 5 boomerangs of dispersal (quivered)
Armour
 c - a +0 kite shield (worn)
 p - a +0 pair of gloves (worn)
 r - a +0 chain mail (worn)
Jewellery
 q - a ring of protection from fire (right hand)
 s - a ring of flight
 v - a ring of poison resistance (left hand)
Wands
 d - a wand of flame (14)
Scrolls
 a - a scroll of noise {unknown}
 b - 2 scrolls of magic mapping {unknown}
 e - a scroll of fear {unknown}
 f - a scroll of brand weapon {unknown}
 g - a scroll of teleportation {unknown}
 j - 2 scrolls of enchant armour
 m - a scroll of amnesia {unknown}
 o - 2 scrolls of identify
Potions
 h - 2 potions of degeneration
 k - a potion of magic
 l - a potion of cancellation


   Skills:
 + Level 4.4 Fighting
 * Level 6.0 Axes
 + Level 0.4(3.1) Maces & Flails
 + Level 4.3 Armour
 * Level 4.4 Shields


You had 5 spell levels left.
You didn't know any spells.
Your spell library was empty.

Dungeon Overview and Level Annotations

Branches:
Dungeon (5/15)
 Temple: D:4-7

Altars:
Nemelex Xobeh

Shops:
D:1 :


Message History

The white imp is severely wounded.
The white imp hits you but does no damage.
You hit the white imp.
You kill the white imp!
Beogh accepts your kill.
The wyvern bites you but does no damage.
Your Axes skill increases to level 6!
You hit the wyvern.
The wyvern is lightly wounded.
The wyvern bites you.
You completely miss the wyvern.
The wyvern is lightly wounded.
You block the wyvern's attack.
The wyvern bites you but does no damage.
You slash the wyvern!
The wyvern is heavily wounded.
The wyvern bites you!
The wyvern bites you but does no damage.
You barely miss the wyvern.
The wyvern is heavily wounded.
The wyvern bites you!
* * * LOW HITPOINT WARNING * * *
The wyvern bites you but does no damage.
Throw: 7 boomerangs (disperse)
Press: ? - help, Q - select action, (/) - cycle Shift-Dir - straight line, f/p - wyvern
Aim: a wyvern (heavily wounded, 56% to hit)
You throw a boomerang of dispersal.
The boomerang of dispersal closely misses the wyvern.
You block the wyvern's attack. The wyvern completely misses you.
Throw: 6 boomerangs (disperse)
Press: ? - help, Q - select action, (/) - cycle Shift-Dir - straight line, f/p - wyvern
Aim: a wyvern (heavily wounded, 57% to hit)
You throw a boomerang of dispersal.
The boomerang of dispersal hits the wyvern but does no damage.
The wyvern is heavily wounded.
The wyvern bites you!
* * * LOW HITPOINT WARNING * * *
The wyvern bites you but does no damage.
You feel yourself speed up. The wyvern bites you.
You die...

.............# .............#
######## .............#
##...#...
.............########........
#####........................
#.#......#...............
#.#......#.#####......... #
##...###.## #.........
###.l@...# #.........
#####..# #......#.##
##..#.....###.## .......##
#.# ........ #.# ......## #..
.... ....


You could see a wyvern.

Vanquished Creatures
  2 hounds (D:4)
  An iguana (D:4)
  2 hound skeletons (D:4)
  2 adders
  4 gnolls (D:3)
  A white imp (D:5)
  2 ufetubi
  An adder skeleton (D:5)
  2 worms
  2 dart slugs (D:2)
  5 orcs
  7 ball pythons
  2 bats (D:3)
  9 endoplasms
  9 giant cockroaches
  2 hobgoblins
  6 jackals
  3 quokkas
  2 frilled lizards
  3 goblins
  4 kobolds
  3 rats
74 creatures vanquished.

Vanquished Creatures (others)
  A fungus (D:2)
  3 plants
4 creatures vanquished.

Grand Total: 78 creatures vanquished

Notes
Turn   | Place    | Note
-------+----------+-------------------------------------------
     0 | D:1      | deletemesenpai the Hill Orc Fighter began the quest for the
                  | Orb.
     0 | D:1      | Reached XP level 1. HP: 19/19 MP: 1/1
   595 | D:1      | Found Duatenn's Book Emporium.
   952 | D:1      | Reached XP level 2. HP: 26/27 MP: 2/2
  1742 | D:2      | Reached skill level 3 in Axes
  1834 | D:2      | Reached XP level 3. HP: 25/33 MP: 3/3
  2061 | D:2      | Found a faded altar of an unknown god.
  2767 | D:3      | Reached XP level 4. HP: 13/40 MP: 4/4
  2977 | D:3      | Reached skill level 4 in Axes
  3749 | D:4      | Reached XP level 5. HP: 46/46 MP: 5/5
  3819 | D:4      | Reached skill level 5 in Axes
  4274 | D:4      | Found a sparkling altar of Nemelex Xobeh.
  4436 | D:4      | Became a worshipper of Beogh the Brigand
  4443 | D:4      | Reached XP level 6. HP: 49/53 MP: 6/6
  4784 | D:5      | Entered Level 5 of the Dungeon
  4827 | D:5      | Noticed a wyvern
  4847 | D:5      | Reached skill level 6 in Axes
  4853 | D:5      | Slain by a wyvern

Illustrated notes

Levels and vault maps discovered:
D:1:      dpeg_arrival_prison, layout_basic, serial_shops,
          nicolae_shop_temple_entry_statues_fountains, serial_bayou_lake_a
D:2:      layout_loops_ring, shapermc_ecumenical_altar_gd
D:3:      layout_basic
D:4:      layout_cave_pools, kennysheep_mini_moat
D:5:      layout_rooms, old_standard_altar, old_standard_altar, serial_shops,
          shop, gup_sewer_entry_bubbles, uniq_prince_ribbit1

Skill      XL: |  1  2  3  4  5  6 |
---------------+-------------------+-----
Axes           | 3 4 5 6 |  6.0
Fighting       | 4 |  4.4
Armour         | 4 |  4.3
Shields        | 4 |  4.4
Maces & Flails | |  0.4

Action                   |  1- 3 |  4- 6 || total
-------------------------+-------+-------++-------
Melee: War axe           |   114 |    94 ||   208
       Whip              |       |    46 ||    46
       Hand axe          |       |    21 ||    21
Throw: Boomerang         |       |     3 ||     3
Invok: Convert to Beogh  |       |     1 ||     1
  Use: Scroll            |     5 |       ||     5
       Potion            |       |     2 ||     2
Armor: Scale mail        |    52 |    16 ||    68
       Chain mail        |       |    88 ||    88
Dodge: Dodged            |    34 |    58 ||    92
Block: Kite shield       |    65 |   112 ||   177

Table legend: (Time is in decaauts)
 A = Elapsed time spent in this place.
 B = Non-inter-level travel time spent in this place.
 C = Inter-level travel time spent in this place.
 D = Time resting spent in this place.
 E = Time spent auto-exploring this place.
 F = Levels seen in this place.
 G = Mean time per level.
                   A        B        C        D        E       F      G
               +--------+--------+--------+--------+--------+-----+--------+
         Total |   5010 |   4786 |    224 |   1173 |   2543 |   5 | 1002.0 |
       Dungeon |   5010 |   4786 |    224 |   1173 |   2543 |   5 | 1002.0 |
               +--------+--------+--------+--------+--------+-----+--------+

Top non-repeatable levels by time:
     D:1: 1664 daAuts
     D:3: 1135 daAuts
     D:4: 1073 daAuts
     D:2: 1063 daAuts
     D:5: 74 daAuts
